 Dungeon Crawl Stone Soup version 0.29-a0-925-g0a7a3d12f8 (webtiles) character file.

Game seed: 17529697525220268925

509 greasedhog the Shooter (level 7, -2/40 HPs)
             Began as a Gargoyle Hunter on July 29, 2022.
             Slain by a gnoll bouda
             ... wielding a +0 scimitar
              (15 damage)
             ... on level 5 of the Dungeon.
             The game lasted 00:05:28 (3264 turns).

greasedhog the Shooter (Gargoyle Hunter)            Turns: 3264, Time: 00:05:29

Health: -2/40      AC:  9    Str: 20    XL:     7   Next: 19%
Magic:  7/7        EV: 12    Int: 10    God:
Gold:   281        SH:  0    Dex: 15    Spells: 1/6 levels left

rFire   . . .      SeeInvis .   w - +0 dagger (venom)
rCold   . . .      Faith    .   (no shield)
rNeg    + . .      Spirit   .   z - +0 troll leather armour
rPois   ∞          Reflect  .   (no helmet)
rElec   +          Harm     .   (no cloak)
rCorr   .          Rampage  .   (no gloves)
Will    .....                   (no boots)
Stlth   +++.......              (no amulet)
HPRegen 0.93/turn               h - +6 ring of strength
MPRegen 0.10/turn               n - +4 ring of slaying

@: weakened
A: sickness immunity, AC +4, negative energy resistance 1, electricity
resistance, torment resistance 1, petrification resistance
a: no special abilities


You were on level 5 of the Dungeon.
You visited 1 branch of the dungeon, and saw 5 of its levels.

You collected 281 gold pieces.

Inventory:

Hand Weapons
 a - a +0 shortbow
 f - a +0 short sword
 r - a +0 long sword
 w - a +0 dagger of venom (weapon)
Armour
 g - a +3 leather armour
 z - a +0 troll leather armour (worn)
Jewellery
 h - a +6 ring of strength (left hand)
 n - a +4 ring of slaying (right hand)
Wands
 j - a wand of acid (21)
Scrolls
 b - a scroll of immolation
 d - a scroll of enchant armour
 e - a scroll of blinking
 i - a scroll of poison
 m - 2 scrolls of teleportation {unknown}
 q - a scroll of fog {unknown}
 u - a scroll of amnesia {unknown}
 x - a scroll of identify
 y - a scroll of vulnerability {unknown}
Potions
 c - 2 potions of curing {unknown}
 k - a potion of magic {unknown}
 l - a potion of attraction {unknown}
 o - a potion of cancellation {unknown}
 p - 2 potions of invisibility {unknown}
 s - a potion of haste {unknown}
 t - 2 potions of degeneration {unknown}
 v - a potion of ambrosia {unknown}


   Skills:
 - Level 2.1 Fighting
 * Level 6.6 Ranged Weapons
 * Level 1.5 Armour
 - Level 1.5 Dodging
 - Level 5.8 Stealth


You had one spell level left.
You knew the following spells:

 Your Spells              Type           Power      Damage    Failure   Level
a - Blink                 Tloc           0%         N/A       54%         2
b - Portal Projectile     Hex/Tloc       0%         N/A       78%         3

Your spell library contained the following spells:

 Spells                   Type           Power      Damage    Failure   Level
 Slow                     Hex            0%         N/A       41%         1
 Confusing Touch          Hex            0%         N/A       78%         3
 Dazzling Flash           Conj/Hex       0%         N/A       78%         3
 Ignite Poison            Fire/Tmut/Pois 0%         N/A       78%         3
 Mephitic Cloud           Conj/Pois/Air  0%         N/A       78%         3
 Tukima's Dance           Hex            0%         N/A       78%         3
 Vampiric Draining        Necr           0%         2d6       78%         3
 Anguish                  Hex/Necr       0%         N/A       99%         4
 Agony                    Necr           0%         N/A       100%        5
 Blade Hands              Tmut           0%         N/A       100%        5
 Freezing Cloud           Conj/Ice/Air   0%         6-21      100%        5
 Manifold Assault         Tloc           0%         N/A       100%        5
 Silence                  Hex/Air        0%         N/A       100%        5
 Enfeeble                 Hex            0%         N/A       100%        7
 Storm Form               Tmut/Air       0%         N/A       100%        7


Dungeon Overview and Level Annotations

Branches:
Dungeon (5/15)
 Temple: D:4-7

Altars:
Ashenzari
Qazlal
Yredelemnul


Innate Abilities, Weirdness & Mutations

You are immune to sickness and miasma.
Your stone body is resilient. (AC +4)
You are immune to poison.
You resist negative energy. (rN+)
You are resistant to electric shocks. (rElec)
You are resistant to unholy torment.
You are immune to petrification.


Message History

The necrophage barely misses you.
You slash the necrophage!
You destroy the necrophage!
Your Armour skill increases to level 1!
Your +0 dagger of venom begins to drip with poison!
w - a +0 dagger of venom (weapon)
Found a whip.
Found a basalt altar of Yredelemnul.
There is a basalt altar of Yredelemnul here.
The gnoll bouda shouts!
You hit the gnoll bouda.
The gnoll bouda is moderately wounded.
The gnoll bouda hits you with a +0 scimitar.
You hit the gnoll bouda.
The gnoll bouda is moderately wounded.
The gnoll bouda hits you but does no damage.
You closely miss the gnoll bouda.
The gnoll bouda is moderately wounded.
The gnoll bouda hits you with a +0 scimitar!
You closely miss the gnoll bouda.
The gnoll bouda is moderately wounded.
The gnoll bouda barely misses you.
You hit the gnoll bouda.
The gnoll bouda is heavily wounded.
The gnoll bouda gazes fiercely through you!
You feel your attacks grow feeble.
The gnoll bouda hits you with a +0 scimitar.
You hit the gnoll bouda but do no damage.
The gnoll bouda is poisoned.
The gnoll bouda is heavily wounded.
The gnoll bouda barely misses you.
You hit the gnoll bouda but do no damage.
The gnoll bouda is heavily wounded.
The gnoll bouda hits you but does no damage.
You hit the gnoll bouda but do no damage.
The gnoll bouda is heavily wounded.
The gnoll bouda hits you with a +0 scimitar!
The gnoll bouda attacks as you move away!
The gnoll bouda hits you with a +0 scimitar!
You die...

#.# #..# #######..#
#.. ..#..# ####
#)###.#..# #...
#..g#.'..# #.##
#.@.#.'.# #.#
#...#.'.# #####.##
#.###.#.# #.......
#.....#.# #......[
#######.####.......
.........).........
.......#####.......
....... ###...#.
....... #.<.#.


You could see a gnoll bouda (very poisoned).

Vanquished Creatures
  A black bear (D:4)
  An ogre (D:4)
  2 necrophages
  An orc priest (D:4)
  Jessica (D:3)
  An iguana (D:5)
  An orc wizard (D:4)
  2 adders (D:2)
  3 gnolls (D:5)
  An ufetubus (D:4)
  A worm (D:4)
  A dart slug (D:3)
  8 orcs
  6 ball pythons
  4 endoplasms
  3 giant cockroaches
  3 goblins
  4 hobgoblins
  3 quokkas
  3 bats
  A frilled lizard (D:2)
  3 kobolds
  7 rats
61 creatures vanquished.

Vanquished Creatures (others)
  7 plants (D:2)
7 creatures vanquished.

Grand Total: 68 creatures vanquished

Notes
Turn   | Place    | Note
-------+----------+-------------------------------------------
     0 | D:1      | greasedhog the Gargoyle Hunter began the quest for the Orb.
     0 | D:1      | Reached XP level 1. HP: 12/12 MP: 1/1
   105 | D:1      | You fall into a shaft and drop 1 floor!
   476 | D:2      | Reached XP level 2. HP: 8/17 MP: 2/2
   810 | D:2      | Reached XP level 3. HP: 21/21 MP: 3/3
  1583 | D:3      | Learned a level 2 spell: Blink
  1638 | D:3      | Found a broken altar of Ashenzari.
  1735 | D:3      | Noticed Jessica
  1739 | D:3      | Killed Jessica
  1740 | D:3      | Reached XP level 4. HP: 26/26 MP: 4/4
  1803 | D:3      | Reached skill level 5 in Ranged Weapons
  2206 | D:4      | Reached XP level 5. HP: 30/30 MP: 5/5
  2222 | D:4      | Noticed a black bear
  2228 | D:4      | Killed a black bear
  2229 | D:4      | Reached skill level 5 in Stealth
  2229 | D:4      | Reached XP level 6. HP: 34/35 MP: 6/6
  2501 | D:4      | Reached skill level 6 in Ranged Weapons
  2502 | D:4      | Found a stormy altar of Qazlal.
  2933 | D:5      | Entered Level 5 of the Dungeon
  3151 | D:5      | Learned a level 3 spell: Portal Projectile
  3224 | D:5      | Reached XP level 7. HP: 40/40 MP: 7/7
  3247 | D:5      | Reached skill level 1 in Armour
  3253 | D:5      | Found a basalt altar of Yredelemnul.
  3264 | D:5      | Slain by a gnoll bouda

Illustrated notes

Levels and vault maps discovered:
D:1:      lightli_arrival_statue_moat, layout_rooms
D:2:      layout_basic, serial_bayou_lagoon_b
D:3:      layout_rooms, nicolae_ashenzari_skybound, uniq_jessica
D:4:      layout_rooms, marbit_many_paths, minmay_misc_feat_alley
D:5:      layout_rooms, mainiacjoe_overflow_alcove_4,
          mainiacjoe_overflow_alcove_2, ebering_ghost_sewer_d

Skill      XL: |  1  2  3  4  5  6  7 |
---------------+----------------------+-----
Stealth        | 2 3 4 5 |  5.8
Ranged Weapons | 5 6 |  6.6
Armour         | 1 |  1.5
Fighting       | |  2.1
Dodging        | |  1.5

Action                   |  1- 3 |  4- 6 |  7- 9 || total
-------------------------+-------+-------+-------++-------
Melee: Short sword       |     4 |       |       ||     4
       Punch             |     1 |       |       ||     1
       Long sword        |       |     4 |     4 ||     8
       Dagger            |       |    10 |    20 ||    30
 Fire: Shortbow          |    78 |    74 |       ||   152
Evoke: Wand              |       |     2 |       ||     2
  Use: Scroll            |     2 |     2 |       ||     4
Armor: Leather armour    |    20 |    22 |       ||    42
       Troll leather arm |       |     4 |     6 ||    10
Dodge: Dodged            |    19 |    24 |    11 ||    54

Table legend: (Time is in decaauts)
 A = Elapsed time spent in this place.
 B = Non-inter-level travel time spent in this place.
 C = Inter-level travel time spent in this place.
 D = Time resting spent in this place.
 E = Time spent auto-exploring this place.
 F = Levels seen in this place.
 G = Mean time per level.
                   A        B        C        D        E       F      G
               +--------+--------+--------+--------+--------+-----+--------+
         Total |   3314 |   3098 |    216 |    391 |   2176 |   5 |  662.8 |
       Dungeon |   3314 |   3098 |    216 |    391 |   2176 |   5 |  662.8 |
               +--------+--------+--------+--------+--------+-----+--------+

Top non-repeatable levels by time:
     D:2: 1033 daAuts
     D:3: 813 daAuts
     D:4: 610 daAuts
     D:1: 523 daAuts
     D:5: 333 daAuts
